 Dungeon Crawl Stone Soup version 0.26-a0-670-g578ab304f5 (webtiles) character file.

Game seed: 8078086161101573031

3017 DogServant the Grappler (level 9, -9/72 HPs)
             Began as a Red Draconian Transmuter on Oct 19, 2020.
             Was a Priest of Okawaru.
             Mangled by a two-headed ogre
             ... wielding a +0 giant spiked club
              (15 damage)
             ... on level 9 of the Dungeon.
             The game lasted 00:16:52 (10050 turns).

DogServant the Grappler (Red Draconian Transmuter) Turns: 10050, Time: 00:16:54

Health: -9/72      AC:  7    Str: 15    XL:     9   Next: 55%
Magic:  7/12       EV: 14    Int: 13    God:    Okawaru [***...]
Gold:   388        SH:  0    Dex: 13    Spells: 1/12 levels left

rFire    + . .     SeeInvis +     - Unarmed
rCold    . . .     Faith    .   (shield currently unavailable)
rNeg     . . .     Spirit   .   (armour unavailable)
rPois    .         Reflect  .   (helmet restricted)
rElec    .         Harm     .   (no cloak)
rCorr    .         Rampage  .   (gloves currently unavailable)
MR       .....                  (no boots)
Stlth    +.........             x - amulet of the acrobat
HPRegen  0.22/turn              b - ring of see invisible
MPRegen  0.13/turn              (no ring)

@: blade hands
A: breathe fire, unfitting armour, fire resistance 1, cold-blooded, AC +7
a: Breathe Fire, End Transformation, Heroism, Renounce Religion


You were on level 9 of the Dungeon.
You worshipped Okawaru.
Okawaru was most pleased with you.
You had blades for hands.
You visited 1 branch of the dungeon, and saw 10 of its levels.

You collected 388 gold pieces.

Inventory:

Armour
 v - a +0 pair of gloves (melded)
Jewellery
 b - a ring of see invisible (left scythe-like blade)
 x - an amulet of the acrobat (around neck)
Wands
 d - a wand of flame (17)
 m - a wand of digging (4)
 o - a wand of acid (7)
Scrolls
 a - 12 scrolls of remove curse
 c - 3 scrolls of fog
 e - 3 scrolls of identify
 g - 2 scrolls of enchant armour
 k - a scroll of amnesia
Potions
 f - a potion of might {unknown}
 h - a potion of stabbing
 i - 3 potions of flight
 j - 4 potions of brilliance
 l - 2 potions of cancellation
 n - 2 potions of curing
 q - 4 potions of haste
 r - 4 potions of mutation
 u - 2 potions of resistance
 w - a potion of degeneration


   Skills:
 + Level 4.6 Fighting
 - Level 4.4 Dodging
 + Level 9.0 Unarmed Combat
 - Level 2.0 Spellcasting
 + Level 7.0 Transmutations
 - Level 2.0 Poison Magic
 - Level 4.5 Invocations


You had one spell level left.
You knew the following spells:

 Your Spells              Type           Power        Failure   Level
a - Beastly Appendage     Tmut           ###...       17%         1
b - Spider Form           Tmut/Pois      ##........   50%         3
c - Wereblood             Tmut           ###.....     22%         2
d - Blade Hands           Tmut           ###.......   78%         5

Your spell library contained the following spells:

 Spells                   Type           Power        Failure   Level
 Ignite Poison            Fire/Tmut/Pois #.......     65%         3
 Sublimation of Blood     Necr           #.........   78%         2
 Ice Form                 Ice/Tmut       ##......     88%         4
 Petrify                  Tmut/Erth      ##......     88%         4
 Alistair's Intoxication  Tmut/Pois      ##.......    96%         5
 Irradiate                Conj/Tmut      ##........   99%         5
 Eringya's Noxious Bog    Tmut/Pois      ##........   100%        6


Dungeon Overview and Level Annotations

Branches:
Dungeon (10/15)            Temple (0/1) D:5
   Lair: D:8-11         Orc: D:9-12

Altars:
Ashenzari
Gozag
Nemelex Xobeh
Okawaru
Qazlal

Annotations:
D:8 Grum


Innate Abilities, Weirdness & Mutations

You can breathe blasts of fire.
Your fiery red scales are hard. (AC +7)
You cannot fit into any form of body armour.
Your flesh is heat resistant. (rF+)
You are cold-blooded and may be slowed by cold attacks.


Message History

Your hands turn into razor-sharp scythe blades.
Your +0 pair of gloves melds into your body.
You climb upwards.
The two-headed ogre hits you with a +0 giant spiked club!
The two-headed ogre hits you with a +2 dire flail of protection!
There is a stone staircase leading down, spattered with blood here.
You slice the two-headed ogre!!
The two-headed ogre is moderately wounded.
The two-headed ogre barely misses you.
The two-headed ogre hits you with a +2 dire flail of protection!
You hit the two-headed ogre but do no damage.
You tail-slap the two-headed ogre, but do no damage.
The two-headed ogre is moderately wounded.
You hit the two-headed ogre but do no damage.
You tail-slap the two-headed ogre.
The two-headed ogre is heavily wounded.
The two-headed ogre hits you with a +0 giant spiked club!!
* * * LOW HITPOINT WARNING * * *
The two-headed ogre hits you with a +2 dire flail of protection!
You die...

######### ###.......#
#.......#.###
#####.......#...#
#...........###.#
#[..........# #.#
#.....#'##### #.#
#######.#######.########
#@................
#O.####.#.######## #..#
#.#.# #..# #.#)#
####..####.#.########
#....................
#.########.#.########
#.# #.#....[)... #.#
#..........#


You could see a two-headed ogre.

Vanquished Creatures
  A death yak (D:10)
  Grinder (D:3)
  A wyvern (D:8)
  A steam dragon (D:8)
  Edmund (D:5)
  An acid dragon (D:8)
  A water moccasin (D:8)
  An orc warrior (D:8)
  A black bear (D:9)
  An ice beast (D:8)
  2 sky beasts
  2 phantoms
  A wolf (D:8)
  An ogre (D:6)
  A centaur (D:6)
  2 bullfrogs
  2 hounds
  3 orc wizards
  An orc priest (D:7)
  A jelly (D:5)
  2 centaur skeletons
  An iguana (D:9)
  A hound skeleton (D:9)
  A worker ant zombie (D:6)
  4 gnolls
  9 adders
  A shadow imp (D:7)
  A white imp (D:5)
  An ooze (D:2)
  3 adder skeletons
  2 worms
  2 dart slugs (D:1)
  3 leopard geckos
  19 orcs
  2 ball pythons
  12 giant cockroaches
  11 goblins
  15 hobgoblins
  16 jackals
  8 kobolds
  4 quokkas
  8 bats
  4 frilled lizards
  A jackal skeleton (D:4)
  A leopard gecko skeleton (D:5)
  A leopard gecko zombie (D:5)
  A quokka skeleton (D:4)
  10 rats
170 creatures vanquished.

Notes
Turn   | Place    | Note
-------+----------+-------------------------------------------
     0 | D:1      | DogServant the Draconian Transmuter began the quest for the
                  | Orb.
     0 | D:1      | Reached XP level 1. HP: 16/16 MP: 3/3
   199 | D:1      | Reached XP level 2. HP: 21/23 MP: 3/5
   746 | D:1      | Reached skill level 4 in Unarmed Combat
   785 | D:1      | Reached XP level 3. HP: 28/28 MP: 6/6
  1503 | D:2      | Reached XP level 4. HP: 34/35 MP: 7/7
  1684 | D:2      | You fall into a shaft and drop 2 floors!
  1702 | D:4      | Learned a level 3 spell: Spider Form
  1705 | D:4      | Learned a level 2 spell: Wereblood
  1845 | D:4      | Found an iron altar of Okawaru.
  1866 | D:4      | Became a worshipper of Warmaster Okawaru
  2338 | D:4      | Reached XP level 5. HP: 38/40 MP: 8/8
  2461 | D:4      | Reached skill level 5 in Unarmed Combat
  3371 | D:3      | Found a broken altar of Ashenzari.
  3466 | D:3      | Reached skill level 1 in Poison Magic
  3616 | D:3      | Noticed Grinder
  3631 | D:3      | Paralysed by Grinder for 7 turns
  3636 | D:3      | Killed Grinder
  3636 | D:3      | Reached XP level 6. HP: 24/50 MP: 9/9
  4305 | D:5      | Entered Level 5 of the Dungeon
  4574 | D:5      | Noticed a sky beast
  5418 | D:5      | Found an opulent altar of Gozag.
  5457 | D:5      | Your scales start taking on a fiery red colour.
  5457 | D:5      | Reached XP level 7. HP: 54/57 MP: 10/10
  5457 | D:5      | Gained mutation: Your flesh is heat resistant. (rF+) [Red
                  | Draconian growth]
  5729 | D:5      | Reached * piety under Okawaru
  5830 | D:5      | Reached skill level 6 in Unarmed Combat
  5905 | D:5      | Noticed Edmund
  5925 | D:5      | Killed Edmund
  5925 | D:5      | Reached skill level 5 in Transmutations
  6258 | D:5      | Found a staircase to the Ecumenical Temple.
  6275 | D:5      | Found a broken altar of Ashenzari.
  6276 | D:5      | Found a stormy altar of Qazlal.
  7172 | D:6      | Reached skill level 7 in Unarmed Combat
  7172 | D:6      | Reached XP level 8. HP: 42/63 MP: 7/11
  7307 | D:6      | Found a sparkling altar of Nemelex Xobeh.
  7463 | D:7      | Reached skill level 1 in Invocations
  8202 | D:8      | Reached ** piety under Okawaru
  8410 | D:8      | Reached skill level 8 in Unarmed Combat
  8528 | D:8      | Reached XP level 9. HP: 43/69 MP: 7/12
  8671 | D:8      | Noticed Grum
  8939 | D:9      | Learned a level 5 spell: Blade Hands
  9214 | D:9      | Noticed a two-headed ogre
  9244 | D:10     | Entered Level 10 of the Dungeon
  9350 | D:10     | Noticed a death yak
  9407 | D:10     | Noticed a death yak
  9407 | D:10     | Noticed a death yak
  9437 | D:10     | Killed a death yak
  9437 | D:10     | Reached *** piety under Okawaru
  9437 | D:10     | Reached skill level 9 in Unarmed Combat
  9633 | D:10     | Noticed a death yak
 10050 | D:9      | Mangled by a two-headed ogre

Illustrated notes

Levels and vault maps discovered:
D:1:      dpeg_arrival_rooms_c, layout_loops_ring
D:2:      layout_basic
D:3:      layout_basic, serial_co_window_serial, co_window_corner_a,
          co_window_paths_a, co_window_paths_a, co_window_of_opportunity_a,
          co_window_of_opportunity_a, co_window_corner_a, co_window_paths_a,
          co_window_cross_1, co_window_of_opportunity_a, co_window_paths_c,
          co_window_cross_2, co_window_of_opportunity_b,
          co_window_unsneaky_path_c, co_window_paths_c, co_window_broadway_b,
          co_window_broadway_b, co_window_paths_e, glass_columns_b,
          glass_columns_c, ashenzari_altar_1, uniq_grinder
D:4:      layout_basic, okawaru_altar_gauntlet_db
D:5:      layout_rooms, overflow_temple_1_default,
          gammafunk_temple_overflow_pools, temple_statues, uniq_edmund
D:6:      layout_loops_ring, kennysheep_mini_moat,
          hangedman_decor_clover_reticule
D:7:      layout_loops_ring
D:8:      layout_cave_pools, uniq_harold, uniq_grum, uniq_pikel
D:9:      layout_basic
D:10:     layout_basic, dpeg_lair_monsters, basic_altar, uniq_erolcha

Skill      XL: |  1  2  3  4  5  6  7  8  9 |
---------------+----------------------------+-----
Dodging        | 2 4 |  4.4
Unarmed Combat | 4 5 7 8 9 |  9.0
Transmutations | 3 4 6 7 |  7.0
Poison Magic   | 2 |  2.0
Fighting       | 2 3 4 |  4.6
Invocations    | 4 |  4.5
Spellcasting   | |  2.0

Action                   |  1- 3 |  4- 6 |  7- 9 || total
-------------------------+-------+-------+-------++-------
Melee: Unarmed           |    60 |     6 |   137 ||   203
       Tailslap          |     9 |    22 |    25 ||    56
       Kick              |     6 |       |       ||     6
       Headbutt          |     5 |     2 |       ||     7
       Short sword       |    68 |   214 |   161 ||   443
       Punch             |     1 |     4 |     9 ||    14
 Cast: Beastly Appendage |    11 |     1 |     2 ||    14
       Wereblood         |       |     2 |     7 ||     9
       Spider Form       |       |     1 |    16 ||    17
       Blade Hands       |       |       |     3 ||     3
Invok: Heroism           |       |       |     3 ||     3
 Abil: Breathe Fire      |       |       |     2 ||     2
Evoke: Wand              |       |     1 |     8 ||     9
  Use: Scroll            |       |    11 |    12 ||    23
       Potion            |       |       |     4 ||     4
 Stab: Paralysed         |       |     8 |     9 ||    17
Armor: Skin              |    33 |    83 |    54 ||   170
Dodge: Dodged            |    78 |   177 |   292 ||   547

Table legend: (Time is in decaauts)
 A = Elapsed time spent in this place.
 B = Non-inter-level travel time spent in this place.
 C = Inter-level travel time spent in this place.
 D = Time resting spent in this place.
 E = Time spent auto-exploring this place.
 F = Levels seen in this place.
 G = Mean time per level.
                   A        B        C        D        E       F      G
               +--------+--------+--------+--------+--------+-----+--------+
         Total |  10088 |   9733 |    355 |   1805 |   6434 |  10 | 1008.8 |
       Dungeon |  10088 |   9733 |    355 |   1805 |   6434 |  10 | 1008.8 |
               +--------+--------+--------+--------+--------+-----+--------+

Top non-repeatable levels by time:
     D:3: 1484 daAuts
     D:5: 1307 daAuts
     D:4: 1250 daAuts
     D:1: 1215 daAuts
     D:2: 1214 daAuts
     D:7: 951 daAuts
     D:6: 894 daAuts
    D:10: 777 daAuts
     D:8: 618 daAuts
     D:9: 374 daAuts
